[Event "January 9 Early 2024"]
[Site "https://www.chess.com"]
[Date "2024.01.11"]
[Round "8"]
[White "Nepomniachtchi, Ian"]
[Black "Giri, Anish"]
[Result "1/2-1/2"]
[Board "77"]
[TimeControl "180+1"]
[WhiteFideId "4168119"]
[BlackFideId "24116068"]
[WhiteElo "3125"]
[BlackElo "3013"]
[WhiteTeam "RUS"]
[BlackTeam "NED"]
[WhiteClock "0:01:06"]
[BlackClock "0:00:07"]

1. e4 e5 2. f4 exf4 3. Nf3 Nf6 4. e5 Nh5 5. d4 d5 6. c4 Bb4+ 7. Nc3 O-O 8. cxd5 Qxd5 9. Be2 b6 10. O-O Bxc3 11. bxc3 Ba6 12. Bxa6 Nxa6 13. Ng5 g6 14. Bxf4 f6 15. Nh3 fxe5 16. Bxe5 c5 17. Qd2 cxd4 18. cxd4 Nc5 19. g4 Nd7 20. Qe3 Nxe5 21. dxe5 Ng7 22. Nf4 Qc5 23. Qxc5 bxc5 24. Nd5 Ne6 25. Rf6 Rxf6 26. exf6 Rd8 27. Re1 Kf7 28. Re5 c4 29. g5 h6 30. h4 hxg5 31. hxg5 Rh8 32. Nc7 Nxc7 33. Re7+ Kf8 34. Rxc7 Rh5 35. Rc5 c3 36. Kf2 c2 37. Ke3 Rxg5 38. Rxc2 Ra5 39. Rc7 Rxa2 40. Kf4 Ra5 41. Kg4 Rf5 42. Rxa7 Rxf6 43. Rb7 Re6 44. Ra7 Kg8 45. Rb7 Kf8 46. Ra7 Kg8 47. Rb7 Kf8 1/2-1/2

[Event "January 9 Early 2024"]
[Site "https://www.chess.com"]
[Date "2024.01.11"]
[Round "8"]
[White "Pinheiro, Iung Alicio de O."]
[Black "Yuan, Qingyu"]
[Result "0-1"]
[Board "78"]
[TimeControl "180+1"]
[WhiteFideId "2104350"]
[BlackFideId "8609772"]
[WhiteElo "2592"]
[BlackElo "2754"]
[WhiteTeam "BRA"]
[BlackTeam "CHN"]
[WhiteClock "0:00:08"]
[BlackClock "0:00:56"]

1. e4 c6 2. d4 d5 3. exd5 cxd5 4. Bd3 Nc6 5. c3 Nf6 6. Bf4 Bg4 7. Qb3 Qd7 8. Nd2 e6 9. Ngf3 Bd6 10. Bxd6 Qxd6 11. O-O O-O 12. Rae1 Bxf3 13. Nxf3 Qc7 14. Qc2 Rfc8 15. Qe2 a6 16. a4 Rab8 17. Ne5 Nxe5 18. dxe5 Nd7 19. Qh5 g6 20. Qg5 Kg7 21. Re3 h6 22. Qf4 Qd8 23. h4 Qe7 24. Rfe1 b5 25. axb5 axb5 26. Rg3 b4 27. h5 g5 28. Qd2 bxc3 29. bxc3 Qc5 30. Rxg5+ hxg5 31. Qxg5+ Kf8 32. h6 Qxc3 33. Re3 Qa1+ 34. Kh2 Rc1 35. h7 Rh1+ 36. Kg3 Ke8 37. Qg7 Nf8 38. h8=Q Rxh8 39. Qxh8 Qd4 40. Rf3 Rb4 41. Qg7 Qh4# 0-1

[Event "January 9 Early 2024"]
[Site "https://www.chess.com"]
[Date "2024.01.11"]
[Round "8"]
[White "Alinasab, Mobina"]
[Black "Timerkhanov, Alexander"]
[Result "0-1"]
[Board "79"]
[TimeControl "180+1"]
[WhiteFideId "12528897"]
[BlackFideId "24177938"]
[WhiteElo "2518"]
[BlackElo "2660"]
[WhiteTeam "IRI"]
[BlackTeam "RUS"]
[WhiteClock "0:00:22"]
[BlackClock "0:01:03"]

1. Nf3 d5 2. g3 Bg4 3. Bg2 Nd7 4. d4 e6 5. O-O Ngf6 6. b3 a5 7. a3 a4 8. b4 Nb6 9. Nbd2 Bxf3 10. Bxf3 Be7 11. Bb2 O-O 12. Rc1 c6 13. c4 dxc4 14. Nxc4 Nxc4 15. Rxc4 Nd5 16. Rc1 Bf6 17. e4 Nb6 18. Qd3 Qd7 19. Rfd1 Rfd8 20. Qe2 Qc7 21. e5 Be7 22. Bg2 Qd7 23. f4 Nd5 24. g4 b5 25. Rf1 Rac8 26. f5 Bg5 27. Rce1 Nf4 28. Qe4 Nxg2 29. Kxg2 Qd5 30. fxe6 fxe6 31. Kg3 Rf8 32. Rxf8+ Rxf8 33. Qxd5 cxd5 34. h4 Bf4+ 35. Kg2 Rc8 36. Re2 h6 37. Kf3 g5 38. hxg5 hxg5 39. Rf2 Kh7 40. Ke2 Kg6 41. Kd3 Rh8 42. Rc2 Rh3+ 43. Ke2 Rg3 44. Kf2 Rb3 45. Ke2 Rg3 46. Kf2 Rxg4 47. Rc5 Rh4 48. Kf1 Rh1+ 0-1

[Event "January 9 Early 2024"]
[Site "https://www.chess.com"]
[Date "2024.01.11"]
[Round "8"]
[White "Tan, Ralph"]
[Black "Korchmar, Vasiliy"]
[Result "0-1"]
[Board "80"]
[TimeControl "180+1"]
[WhiteFideId "30966590"]
[BlackFideId "24131750"]
[WhiteElo "2556"]
[BlackElo "2718"]
[WhiteTeam "USA"]
[BlackTeam "RUS"]
[WhiteClock "0:00:08"]
[BlackClock "0:00:49"]

1. e4 e6 2. d4 a6 3. Nf3 d5 4. e5 Bd7 5. c4 Ne7 6. Nc3 dxc4 7. Bxc4 Bc6 8. O-O Nd5 9. Re1 Be7 10. Bf1 Nd7 11. Ne4 h6 12. Bd2 g5 13. Kh1 g4 14. Ng1 h5 15. f3 Nf8 16. fxg4 hxg4 17. Qxg4 Ng6 18. Nf3 Qd7 19. Bg5 O-O-O 20. Nc5 Bxc5 21. Bxd8 Bb4 22. Bg5 Bxe1 23. Rxe1 Kb8 24. Bd3 Nde7 25. Bf6 Rh7 26. Be4 Bxe4 27. Qxe4 Nf5 28. Kg1 Qb5 29. Qe2 Qb6 30. Qf2 Nf4 31. Rd1 Nd5 32. g4 Nfe3 33. Re1 Nxg4 34. Qg3 Ngxf6 35. exf6 Nxf6 36. Kh1 Qxb2 37. Qg5 Qf2 38. Qxf6 Rxh2+ 39. Nxh2 Qxf6 40. Rd1 Qf5 41. Kg2 Qc2+ 0-1

[Event "January 9 Early 2024"]
[Site "https://www.chess.com"]
[Date "2024.01.11"]
[Round "8"]
[White "Teillet, Benoit"]
[Black "Goncalves, Samuel Jesus P"]
[Result "0-1"]
[Board "81"]
[TimeControl "180+1"]
[WhiteFideId "616591"]
[BlackFideId "1945130"]
[WhiteElo "2254"]
[BlackElo "2414"]
[WhiteTeam "FRA"]
[BlackTeam "POR"]
[WhiteClock "0:00:19"]
[BlackClock "0:00:17"]

1. b4 c6 2. Bb2 a5 3. a3 axb4 4. axb4 Rxa1 5. Bxa1 Qb6 6. c3 d5 7. e3 e5 8. Nf3 Bd6 9. Be2 e4 10. Nd4 Ne7 11. O-O O-O 12. d3 exd3 13. Bxd3 Nd7 14. Nd2 Ne5 15. Be2 Nf5 16. Qc2 Nxd4 17. exd4 Ng6 18. Bd3 Re8 19. Nf3 Bg4 20. Ng5 Bf4 21. h3 Bh5 22. Nxf7 Kxf7 23. g4 Qd8 24. gxh5 Qg5+ 25. Kh1 Qxh5 26. Bxg6+ hxg6 27. Kg2 Qg5+ 28. Kf3 Bd6 29. Qc1 Qf5+ 30. Kg2 Re2 31. Bb2 Qe4+ 32. Kg1 Qf3 33. Qd1 Qxh3 34. f4 Qh2# 0-1

[Event "January 9 Early 2024"]
[Site "https://www.chess.com"]
[Date "2024.01.11"]
[Round "8"]
[White "Rohith Krishna S"]
[Black "Ozates, Tuna"]
[Result "1-0"]
[Board "82"]
[TimeControl "180+1"]
[WhiteFideId "46617051"]
[BlackFideId "6354521"]
[WhiteElo "2839"]
[BlackElo "2672"]
[WhiteTeam "IND"]
[BlackTeam "TUR"]
[WhiteClock "0:00:42"]
[BlackClock "0:00:08"]

1. e4 c5 2. Nf3 Nc6 3. Bb5 g6 4. d4 cxd4 5. O-O Bg7 6. c3 d3 7. Bxd3 Nf6 8. h3 O-O 9. e5 Ne8 10. Re1 d6 11. exd6 Nxd6 12. Bg5 Qc7 13. Nbd2 e5 14. Nc4 Be6 15. Ncxe5 Nxe5 16. Nxe5 f6 17. Nf3 fxg5 18. Rxe6 Rad8 19. Qe2 Nf7 20. Bc4 Kh8 21. Re7 Rd7 22. Rxd7 Qxd7 23. Rd1 Qf5 24. Rd5 Qb1+ 25. Kh2 h6 26. Rd7 Qf5 27. Rxb7 Nd6 28. Rc7 Qf4+ 29. Kg1 Re8 30. Qd3 Qc1+ 31. Qf1 Qxb2 32. Bd3 Qb6 33. Rd7 Bxc3 34. Bxg6 Re6 35. Qd3 Qc6 36. Rd8+ Kg7 37. Bh7 Bf6 38. Qg6# 1-0

[Event "January 9 Early 2024"]
[Site "https://www.chess.com"]
[Date "2024.01.11"]
[Round "8"]
[White "Kosteniuk, Alexandra"]
[Black "Matta, Nicholas"]
[Result "1-0"]
[Board "83"]
[TimeControl "180+1"]
[WhiteFideId "4128125"]
[BlackFideId "30914523"]
[WhiteElo "2760"]
[BlackElo "2581"]
[WhiteTeam "SUI"]
[BlackTeam "USA"]
[WhiteClock "0:00:43"]
[BlackClock "0:00:05"]

1. e4 c5 2. d4 cxd4 3. Qxd4 Nc6 4. Qd3 g6 5. Nc3 Bg7 6. Nf3 Nf6 7. Be2 O-O 8. O-O d5 9. Nxd5 Nxd5 10. exd5 Nb4 11. Qb3 a5 12. a3 Na6 13. c4 Nc5 14. Qe3 Qc7 15. a4 Bd7 16. Bd1 e6 17. Nd4 exd5 18. Nb5 Bxb5 19. cxb5 d4 20. Qa3 d3 21. Be3 b6 22. Bf3 Rad8 23. Rad1 Qe5 24. b4 axb4 25. Qxb4 Qc3 26. Bd2 Qxb4 27. Bxb4 Rfe8 28. a5 Rd4 29. Bc3 Rc4 30. Bxg7 Kxg7 31. axb6 Rb8 32. Rc1 Rxc1 33. Rxc1 Nb3 34. Rc3 d2 35. Rxb3 Re8 36. g3 Re1+ 37. Kg2 1-0

[Event "January 9 Early 2024"]
[Site "https://www.chess.com"]
[Date "2024.01.11"]
[Round "8"]
[White "Wojtaszek, Radoslaw"]
[Black "Akobian, Varuzhan"]
[Result "1-0"]
[Board "84"]
[TimeControl "180+1"]
[WhiteFideId "1118358"]
[BlackFideId "13300580"]
[WhiteElo "2942"]
[BlackElo "2721"]
[WhiteTeam "POL"]
[BlackTeam "USA"]
[WhiteClock "0:00:45"]
[BlackClock "0:00:03"]

1. c4 e6 2. Nc3 d5 3. d4 Be7 4. cxd5 exd5 5. Bf4 c6 6. e3 Bd6 7. Bxd6 Qxd6 8. Bd3 Ne7 9. Qc2 b6 10. Nf3 Ba6 11. O-O Bxd3 12. Qxd3 O-O 13. Rac1 Nd7 14. Rc2 Qg6 15. Qe2 Rfe8 16. Rfc1 Nf5 17. Qa6 Nd6 18. Ne2 Nb8 19. Qa4 f6 20. Nf4 Qf7 21. Nd3 a5 22. Qb3 Qb7 23. Nf4 Nc4 24. Qd3 a4 25. h4 Na6 26. Qc3 Rac8 27. b3 axb3 28. axb3 Nd6 29. h5 Ne4 30. Qe1 Qd7 31. Ra1 Nc7 32. Ra7 Qd6 33. Qc1 Ne6 34. Nxe6 Rxe6 35. h6 gxh6 36. Rb7 Rb8 37. Rxc6 Qxc6 38. Rxb8+ Kg7 39. Qa3 Qd6 40. Qa8 Re7 41. Nh4 1-0

[Event "January 9 Early 2024"]
[Site "https://www.chess.com"]
[Date "2024.01.11"]
[Round "8"]
[White "Shubenkova, Veronika"]
[Black "Shuvalova, Polina"]
[Result "1-0"]
[Board "85"]
[TimeControl "180+1"]
[WhiteFideId "44124040"]
[BlackFideId "24171760"]
[WhiteElo "2601"]
[BlackElo "2736"]
[WhiteTeam "RUS"]
[BlackTeam "RUS"]
[WhiteClock "0:00:46"]
[BlackClock "0:00:13"]

1. d4 Nf6 2. e3 d5 3. f4 Bf5 4. Nf3 e6 5. Bd3 Bd6 6. O-O O-O 7. c3 c5 8. Qe2 Nc6 9. Nbd2 h6 10. Ne5 Rc8 11. h3 Nd7 12. g4 Bxd3 13. Nxd3 f5 14. Qg2 Nf6 15. Nf3 Ne4 16. gxf5 Rxf5 17. Nd2 cxd4 18. Nxe4 dxe4 19. Qxe4 dxc3 20. Qxe6+ Rf7 21. bxc3 Bb8 22. Ne5 Bxe5 23. fxe5 Qe7 24. Qxc8+ Kh7 25. Rxf7 Qxf7 26. Qg4 Nxe5 27. Qe4+ Ng6 28. Ba3 Qf6 29. Rf1 Qxc3 30. Bd6 Qd2 31. Be5 Qxa2 32. h4 h5 33. Qf5 Qe2 34. Bf4 b5 35. Rf2 Qd1+ 36. Kh2 b4 37. Rg2 1-0

[Event "January 9 Early 2024"]
[Site "https://www.chess.com"]
[Date "2024.01.11"]
[Round "8"]
[White "Smirnov, Mark"]
[Black "Paikens, Reinis"]
[Result "1-0"]
[Board "86"]
[TimeControl "180+1"]
[WhiteFideId "13764594"]
[BlackFideId "11624078"]
[WhiteElo "2534"]
[BlackElo "2278"]
[WhiteTeam "KAZ"]
[BlackTeam "LAT"]
[WhiteClock "0:00:03"]
[BlackClock "0:01:07"]

1. e4 c5 2. Nf3 Nc6 3. Bb5 g6 4. Bxc6 bxc6 5. d3 Bg7 6. O-O d6 7. c3 e5 8. h3 Ne7 9. d4 cxd4 10. cxd4 O-O 11. dxe5 dxe5 12. Be3 Ba6 13. Qxd8 Rfxd8 14. Rc1 f5 15. Nbd2 Bf6 16. Bc5 Rac8 17. Bxa7 Kf7 18. Bc5 Bd3 19. Re1 f4 20. Rec1 g5 21. Ne1 h5 22. Nxd3 Rxd3 23. Nc4 Ke6 24. Nb6 Rb8 25. a4 Ng6 26. a5 g4 27. a6 gxh3 28. a7 Rg8 29. a8=Q Rxa8 30. Rxa8 Nh4 31. gxh3 Nf3+ 32. Kg2 Nh4+ 33. Kg1 Nf3+ 34. Kf1 Rd2 35. Rc8 Nh2+ 36. Ke1 Nf3+ 37. Kf1 Nh2+ 38. Kg2 Ng4 39. Rxc6+ Kf7 40. hxg4 hxg4 41. Nd5 Bg5 42. Rh1 Rxb2 43. Rh7+ Kg8 44. Rd7 f3+ 45. Kg3 Rb8 46. Rg6+ Kh8 47. Rxg5 Rg8 48. Rh5# 1-0

[Event "January 9 Early 2024"]
[Site "https://www.chess.com"]
[Date "2024.01.11"]
[Round "8"]
[White "Kanyamarala, Tarun"]
[Black "Gutkin, Ilya"]
[Result "1-0"]
[Board "87"]
[TimeControl "180+1"]
[WhiteFideId "45004714"]
[BlackFideId "16203470"]
[WhiteElo "2511"]
[BlackElo "2336"]
[WhiteTeam "IRL"]
[BlackTeam "GER"]
[WhiteClock "0:00:39"]
[BlackClock "0:00:11"]

1. e4 e5 2. Nf3 Nc6 3. Nc3 Nf6 4. Bb5 d6 5. d4 exd4 6. Nxd4 Bd7 7. Bxc6 bxc6 8. O-O g6 9. b3 Bg7 10. Bb2 O-O 11. f3 Qe7 12. Re1 Nh5 13. g3 Rae8 14. Qd2 Qe5 15. Nde2 f5 16. Na4 Qe7 17. Bxg7 Qxg7 18. exf5 Bxf5 19. g4 Be6 20. gxh5 Rxf3 21. h6 Qe5 22. Ng3 Qf6 23. Rf1 Rf8 24. Rxf3 Qxa1+ 25. Rf1 Rxf1+ 26. Nxf1 Qxa2 27. Qc3 Kf7 28. Nd2 Ke8 29. Kf2 Qa3 30. Qh8+ Kd7 31. Qxh7+ Kc8 32. Qe7 Bd5 33. h7 Qb4 34. h8=Q+ Kb7 35. Qe3 Qg4 36. Nf3 Qf5 37. Qhc3 g5 38. Qxg5 Qe4 39. Qge3 Qg4 40. Qcd4 Kc8 41. Qxg4+ 1-0

[Event "January 9 Early 2024"]
[Site "https://www.chess.com"]
[Date "2024.01.11"]
[Round "8"]
[White "Leiva, Gianmarco"]
[Black "Madaminov, Mukhiddin"]
[Result "0-1"]
[Board "88"]
[TimeControl "180+1"]
[WhiteFideId "3804399"]
[BlackFideId "14210703"]
[WhiteElo "2703"]
[BlackElo "2859"]
[WhiteTeam "PER"]
[BlackTeam "UZB"]
[WhiteClock "0:00:02"]
[BlackClock "0:01:04"]

1. d4 e6 2. Nf3 Nf6 3. Bf4 b6 4. e3 Bb7 5. Nbd2 g6 6. c3 Bg7 7. Bd3 O-O 8. O-O d6 9. Qe2 Nbd7 10. Ba6 Qc8 11. Bxb7 Qxb7 12. e4 b5 13. a4 a6 14. b4 Qc6 15. Rfc1 Nb6 16. a5 Nc4 17. Nxc4 bxc4 18. Nd2 d5 19. Be5 Rae8 20. Bxf6 Bxf6 21. e5 Bg7 22. f4 f6 23. Nf3 fxe5 24. Nxe5 Bxe5 25. Qxe5 Qd6 26. Rf1 Rf5 27. Qe3 Ref8 28. g3 R8f6 29. Rae1 Kf7 30. Qd2 h5 31. Kg2 Ke8 32. Re5 Kd7 33. Qc2 Qc6 34. Rfe1 Rxe5 35. Rxe5 Rf5 36. h3 Kc8 37. Kf3 Kb7 38. g4 hxg4+ 39. hxg4 Rxe5 40. fxe5 Qe8 41. Qd2 Qh8 42. Qg5 Qh1+ 43. Ke2 Qe4+ 44. Kf2 Qc2+ 45. Kg1 Qxc3 46. Qf6 Qxd4+ 47. Kf1 c3 0-1

[Event "January 9 Early 2024"]
[Site "https://www.chess.com"]
[Date "2024.01.11"]
[Round "8"]
[White "Ovezdurdyyeva, Jemal"]
[Black "Rosen, Eric"]
[Result "0-1"]
[Board "89"]
[TimeControl "180+1"]
[WhiteFideId "14001888"]
[BlackFideId "2032562"]
[WhiteElo "2465"]
[BlackElo "2668"]
[WhiteTeam "TKM"]
[BlackTeam "USA"]
[WhiteClock "0:00:31"]
[BlackClock "0:00:18"]

1. e4 e5 2. Nf3 Nf6 3. Nxe5 Nc6 4. Nxc6 dxc6 5. Nc3 Bc5 6. Be2 h5 7. d3 Ng4 8. Bxg4 hxg4 9. Bf4 Bd4 10. Qd2 Be6 11. a3 Qe7 12. O-O-O O-O-O 13. Be3 c5 14. Ne2 Qf6 15. Bxd4 cxd4 16. Nf4 Rh6 17. Rde1 Rdh8 18. e5 Qf5 19. Nxe6 Qxe6 20. Qf4 Rh5 21. Qxd4 Kb8 22. Qf4 Qa2 23. Qd4 c5 24. Qd6+ Ka8 25. Qxc5 R5h6 26. e6 Rxe6 0-1

[Event "January 9 Early 2024"]
[Site "https://www.chess.com"]
[Date "2024.01.11"]
[Round "8"]
[White "Sahin, Sarp"]
[Black "Sofronie, Claudia-Ramona"]
[Result "1-0"]
[Board "90"]
[TimeControl "180+1"]
[WhiteFideId "51605066"]
[BlackFideId "1205722"]
[WhiteElo "2429"]
[BlackElo "2262"]
[WhiteTeam "TUR"]
[BlackTeam "ROU"]
[WhiteClock "0:00:10"]
[BlackClock "0:00:17"]

1. e4 c5 2. Nf3 Nc6 3. d4 cxd4 4. Nxd4 Nf6 5. Nc3 d6 6. Bg5 e6 7. Qd2 a6 8. O-O-O Bd7 9. f4 b5 10. Bxf6 gxf6 11. Nxc6 Bxc6 12. f5 h5 13. Kb1 Qb6 14. fxe6 fxe6 15. Bd3 O-O-O 16. Rhf1 Be7 17. Qe2 Kb8 18. a3 Rc8 19. h3 Bb7 20. Na2 Qc5 21. Qd2 d5 22. exd5 Bxd5 23. Nb4 Bb7 24. Be4 Rhd8 25. Bxb7 Rxd2 26. Nxa6+ Ka7 27. Nxc5 Rxd1+ 28. Rxd1 Rxc5 29. Rd7 Bf8 30. Bf3+ Kb8 31. b4 Re5 32. Rd8+ Kc7 33. Rxf8 1-0

[Event "January 9 Early 2024"]
[Site "https://www.chess.com"]
[Date "2024.01.11"]
[Round "8"]
[White "Erzhanov, Arman"]
[Black "Javakhadze, Zurab"]
[Result "1-0"]
[Board "91"]
[TimeControl "180+1"]
[WhiteFideId "4138821"]
[BlackFideId "13603647"]
[WhiteElo "2548"]
[BlackElo "2678"]
[WhiteTeam "KAZ"]
[BlackTeam "GEO"]
[WhiteClock "0:00:44"]
[BlackClock "0:00:01"]

1. e4 c5 2. Nf3 d6 3. d4 cxd4 4. Qxd4 Nf6 5. Be2 a6 6. h3 Nc6 7. Qe3 g6 8. O-O Bg7 9. Rd1 Qc7 10. c4 O-O 11. Nc3 Be6 12. Rb1 Rfc8 13. b3 Nd7 14. Bb2 Qb6 15. Qd2 Nc5 16. Ng5 Bd7 17. Nd5 Qd8 18. Bxg7 Kxg7 19. Qf4 f6 20. Nf3 Ne5 21. Nxe5 fxe5 22. Qh4 e6 23. Qxd8 Rxd8 24. Nb6 Rab8 25. Rxd6 Bc6 26. Rbd1 Rxd6 27. Rxd6 Nxe4 28. Rxe6 Rd8 29. Rxe5 Kf6 30. f4 Nc3 31. Bf3 Bxf3 32. gxf3 Rd1+ 33. Kf2 Rd2+ 34. Ke3 Rxa2 35. Kd3 Nd1 36. Nd5+ Kf7 37. Re7+ Kf8 38. Rxb7 Nf2+ 39. Kd4 h5 40. c5 Rc2 41. Nc3 Nxh3 42. Kd3 1-0

[Event "January 9 Early 2024"]
[Site "https://www.chess.com"]
[Date "2024.01.11"]
[Round "8"]
[White "Domalchuk-Jonasson, Aleksandr"]
[Black "Spichkin, Alexander"]
[Result "1-0"]
[Board "92"]
[TimeControl "180+1"]
[WhiteFideId "14142805"]
[BlackFideId "4144074"]
[WhiteElo "2637"]
[BlackElo "2416"]
[WhiteTeam "ISL"]
[BlackTeam "RUS"]
[WhiteClock "0:00:16"]
[BlackClock "0:00:05"]

1. g3 f5 2. Bg2 Nf6 3. c4 d6 4. Nc3 e5 5. Nf3 Be7 6. d3 O-O 7. O-O Nc6 8. Rb1 Qe8 9. b4 Qh5 10. b5 Nd8 11. Ba3 f4 12. e3 Bg4 13. e4 Ne6 14. h3 Bxh3 15. Nh2 Ng4 16. Bxh3 Qxh3 17. Qxg4 Qh6 18. Nd5 Bd8 19. Kg2 Nd4 20. Nf3 c6 21. Nxd4 cxd5 22. Nf5 Qf6 23. Bxd6 Rf7 24. cxd5 Bb6 25. Rh1 fxg3 26. fxg3 Kh8 27. Rbf1 Rc8 28. Ne3 Qxd6 29. Qxc8+ Bd8 30. Rxf7 Kg8 31. Rd7 Qa3 32. Qxd8+ Qf8 33. Rf1 Qxd8 34. Rxd8# 1-0

[Event "January 9 Early 2024"]
[Site "https://www.chess.com"]
[Date "2024.01.11"]
[Round "8"]
[White "Poddubnyi, Viktor"]
[Black "Goltseva, Ekaterina"]
[Result "0-1"]
[Board "93"]
[TimeControl "180+1"]
[WhiteFideId "4141989"]
[BlackFideId "24173770"]
[WhiteElo "2425"]
[BlackElo "2591"]
[WhiteTeam "RUS"]
[BlackTeam "RUS"]
[WhiteClock "0:00:04"]
[BlackClock "0:00:19"]

1. e4 c5 2. Nf3 Nf6 3. e5 Nd5 4. d4 cxd4 5. Qxd4 e6 6. Bc4 d6 7. Bxd5 exd5 8. exd6 Be6 9. Ng5 Nc6 10. Qe3 Qd7 11. O-O Bxd6 12. Nxe6 Qxe6 13. Qb3 O-O-O 14. Nc3 Qe5 15. g3 Nd4 16. Qa4 Nc6 17. Bf4 Qf6 18. Bxd6 Qxd6 19. Rad1 d4 20. Nb5 Qc5 21. c3 d3 22. b4 Qb6 23. Na3 Kb8 24. Nc4 Qc7 25. b5 Ne5 26. Nxe5 Qxe5 27. Rfe1 Qxc3 28. Qf4+ Ka8 29. Qxf7 d2 0-1

[Event "January 9 Early 2024"]
[Site "https://www.chess.com"]
[Date "2024.01.11"]
[Round "8"]
[White "Buchenau, Frank"]
[Black "Khamdamova, Afruza"]
[Result "0-1"]
[Board "94"]
[TimeControl "180+1"]
[WhiteFideId "4604350"]
[BlackFideId "14210444"]
[WhiteElo "2398"]
[BlackElo "2522"]
[WhiteTeam "GER"]
[BlackTeam "UZB"]
[WhiteClock "0:00:12"]
[BlackClock "0:00:33"]

1. e4 e5 2. Bc4 Nf6 3. d3 Nc6 4. Nf3 Bc5 5. O-O d6 6. c3 a5 7. Nbd2 O-O 8. h3 h6 9. Re1 Be6 10. Bb5 Qb8 11. Nf1 Qa7 12. Be3 Bxe3 13. Nxe3 Ne7 14. d4 c6 15. Bd3 Ng6 16. a4 Rad8 17. Qc2 Rfe8 18. dxe5 dxe5 19. Bc4 Qc5 20. Bxe6 Rxe6 21. Rad1 Red6 22. Rxd6 Rxd6 23. Nf5 Rd7 24. g3 Ne7 25. N3h4 Nxf5 26. Nxf5 Kh7 27. Kg2 Qc4 28. Ne3 Qxe4+ 29. Qxe4+ Nxe4 30. Nc4 f5 31. f3 Nc5 32. Rxe5 Nxa4 33. Rxf5 b5 34. Nxa5 Rd2+ 35. Kf1 Rxb2 36. Rc5 Nxc5 0-1

[Event "January 9 Early 2024"]
[Site "https://www.chess.com"]
[Date "2024.01.11"]
[Round "8"]
[White "Van Kooten, Luuk"]
[Black "Viana, Valeria"]
[Result "1-0"]
[Board "95"]
[TimeControl "180+1"]
[WhiteFideId "1006533"]
[BlackFideId "8407100"]
[WhiteElo "2258"]
[BlackElo "2073"]
[WhiteTeam "NED"]
[BlackTeam "HON"]
[WhiteClock "0:00:32"]
[BlackClock "0:00:03"]

1. d4 Nf6 2. c4 e6 3. Nc3 Bb4 4. f3 c5 5. d5 b5 6. e4 d6 7. Ne2 bxc4 8. a3 Bxc3+ 9. Nxc3 exd5 10. Nxd5 Nbd7 11. Bxc4 Nb6 12. Nxb6 axb6 13. O-O O-O 14. Bf4 d5 15. exd5 Bb7 16. d6 Qd7 17. Qd3 Bc6 18. Rad1 b5 19. Ba2 c4 20. Qd4 Nd5 21. Bg3 Rae8 22. Rfe1 Kh8 23. Bb1 f5 24. Be5 Nf6 25. Bc2 Rd8 26. Bf4 Nd5 27. Bg5 Ra8 28. Be7 Rf7 29. Re5 Nxe7 30. dxe7 Rxe7 31. Rxe7 Qxe7 32. Bxf5 h6 33. h3 Qg5 34. Be4 Bxe4 35. Qxe4 Rf8 36. h4 Qg3 37. Rd5 1-0

[Event "January 9 Early 2024"]
[Site "https://www.chess.com"]
[Date "2024.01.11"]
[Round "8"]
[White "Subramanian, Anusha"]
[Black "Zhukov, Maksim"]
[Result "1/2-1/2"]
[Board "96"]
[TimeControl "180+1"]
[WhiteFideId "477710"]
[BlackFideId "34181790"]
[WhiteElo "2102"]
[BlackElo "2311"]
[WhiteTeam "ENG"]
[BlackTeam "RUS"]
[WhiteClock "0:00:21"]
[BlackClock "0:00:06"]

1. e4 c5 2. Nf3 e6 3. d4 cxd4 4. Nxd4 a6 5. Nc3 b5 6. Be3 Bb7 7. f3 Qc7 8. Qd2 Nf6 9. g4 d5 10. g5 Nfd7 11. Bf4 e5 12. Ndxb5 axb5 13. Nxb5 Qb6 14. Bg3 Bc5 15. exd5 O-O 16. Bd3 Ba6 17. a4 Bxb5 18. Bxb5 Qxb5 19. axb5 Rxa1+ 20. Ke2 Rxh1 21. b4 Bb6 22. Qc3 Rg1 23. Bxe5 Re8 24. f4 Nxe5 25. fxe5 Rxg5 26. e6 fxe6 27. d6 Rd5 28. Qg3 Rf8 29. c4 Rf2+ 30. Ke1 Rdd2 31. c5 Rde2+ 32. Kd1 Rd2+ 33. Ke1 Rde2+ 34. Kd1 Rd2+ 35. Ke1 1/2-1/2

[Event "January 9 Early 2024"]
[Site "https://www.chess.com"]
[Date "2024.01.11"]
[Round "8"]
[White "Vargas, Mauricio"]
[Black "Piscicelli, Daniel Orlando"]
[Result "1-0"]
[Board "97"]
[TimeControl "180+1"]
[WhiteFideId "4404572"]
[BlackFideId "101958"]
[WhiteElo "1848"]
[BlackElo "2188"]
[WhiteTeam "COL"]
[BlackTeam "ARG"]
[WhiteClock "0:00:30"]
[BlackClock "0:00:01"]

1. e4 e5 2. Nf3 Nc6 3. d4 exd4 4. Bc4 Nf6 5. e5 d5 6. Bb5 Ne4 7. Nxd4 Bd7 8. Bxc6 Bxc6 9. O-O Bc5 10. c3 O-O 11. e6 Bxd4 12. exf7+ Rxf7 13. Qxd4 Qf6 14. Be3 a6 15. Qd1 Bb5 16. Bd4 Qf5 17. Re1 Nxf2 18. Nd2 Ne4 19. Rf1 Bxf1 20. Nxf1 Raf8 21. b4 Kh8 22. Rc1 c6 23. Ne3 Qf2+ 24. Kh1 Qxa2 25. Qh5 Nf2+ 26. Kg1 Nd3 27. Rd1 Qf2+ 28. Kh1 Qe2 29. Qxe2 Nf2+ 30. Kg1 Nxd1 31. Qxd1 Rf4 32. h3 Rf2 33. Qg4 R2f6 34. Bxf6 1-0

[Event "January 9 Early 2024"]
[Site "https://www.chess.com"]
[Date "2024.01.11"]
[Round "8"]
[White "De Pablo Pena, Miguel Angel"]
[Black "Nowak, Lukasz"]
[Result "1/2-1/2"]
[Board "98"]
[TimeControl "180+1"]
[WhiteFideId "2219123"]
[BlackFideId "1166760"]
[WhiteElo "2150"]
[BlackElo "2010"]
[WhiteTeam "ESP"]
[BlackTeam "POL"]
[WhiteClock "0:00:14"]
[BlackClock "0:00:32"]

1. e4 e6 2. d4 d5 3. Nc3 Bb4 4. e5 Ne7 5. Bd2 b6 6. f4 Ba6 7. Bxa6 Nxa6 8. Qe2 Nb8 9. Nf3 c5 10. O-O Nbc6 11. Nb5 O-O 12. c3 Ba5 13. a3 c4 14. Nd6 b5 15. Ng5 h6 16. Nf3 Rb8 17. g4 Bc7 18. g5 h5 19. Nh4 g6 20. f5 Bxd6 21. f6 Nf5 22. Nxf5 exf5 23. exd6 Qxd6 24. Rxf5 Rbe8 25. Qf3 Re4 26. Bf4 Qd7 27. Re5 Nxe5 28. Bxe5 Re8 29. Kh1 Qf5 30. Rf1 Qxf3+ 31. Rxf3 R8xe5 32. dxe5 Rxe5 33. Kg2 Kf8 34. Kg3 Ke8 35. Kf4 Kd7 36. Rg3 Kc6 37. Rh3 Kd6 38. Kf3 Re4 39. Rg3 Re5 40. Kf2 Re4 41. Rg1 Ke5 42. Rd1 d4 43. cxd4+ Rxd4 44. Re1+ Re4 45. Rd1 Rd4 46. Re1+ Re4 47. Rd1 Rd4 1/2-1/2

[Event "January 9 Early 2024"]
[Site "https://www.chess.com"]
[Date "2024.01.11"]
[Round "8"]
[White "Bartel, Mateusz"]
[Black "Vestby-Ellingsen, Mads"]
[Result "1-0"]
[Board "99"]
[TimeControl "180+1"]
[WhiteFideId "1112635"]
[BlackFideId "1520857"]
[WhiteElo "2834"]
[BlackElo "2640"]
[WhiteTeam "POL"]
[BlackTeam "NOR"]
[WhiteClock "0:00:13"]
[BlackClock "0:00:03"]

1. Nf3 d5 2. c4 d4 3. b4 c5 4. e3 Nf6 5. exd4 cxd4 6. d3 e5 7. a3 Qc7 8. Nbd2 a5 9. Rb1 axb4 10. axb4 Be7 11. Be2 O-O 12. O-O h6 13. Re1 Bf5 14. Bf1 Nbd7 15. Nxd4 Bh7 16. Nb5 Qd8 17. c5 Nb8 18. Nc4 e4 19. Nbd6 exd3 20. Bxd3 Bxd3 21. Qxd3 Nc6 22. Qg3 Bxd6 23. Nxd6 Kh7 24. Bb2 Ne7 25. Bxf6 gxf6 26. Nxb7 Qd7 27. Nd6 Ng6 28. Qf3 Rg8 29. Qxf6 Qg4 30. g3 Nh4 31. Re4 Nf3+ 32. Kg2 Nh4+ 33. Qxh4 Qf5 1-0

[Event "January 9 Early 2024"]
[Site "https://www.chess.com"]
[Date "2024.01.11"]
[Round "8"]
[White "Essing, Arnold"]
[Black "Joie, Sebastien"]
[Result "0-1"]
[Board "100"]
[TimeControl "180+1"]
[WhiteFideId "4619862"]
[BlackFideId "650420"]
[WhiteElo "2264"]
[BlackElo "2446"]
[WhiteTeam "GER"]
[BlackTeam "FRA"]
[WhiteClock "0:00:02"]
[BlackClock "0:00:18"]

1. d4 d5 2. Nf3 Nf6 3. c4 e6 4. Nc3 Be7 5. Bg5 c6 6. e3 O-O 7. Bd3 Nbd7 8. O-O dxc4 9. Bxc4 b5 10. Bb3 a6 11. Qe2 Bb7 12. Rfd1 Qc8 13. e4 c5 14. e5 c4 15. Bc2 Bxf3 16. Qxf3 Nd5 17. Bxe7 Nxe7 18. Ne4 f5 19. Nd6 Qc6 20. Qh3 Nd5 21. Nxf5 Rxf5 22. Bxf5 exf5 23. Qxf5 Rf8 24. Qe4 Rf4 25. Qe2 Qe6 26. g3 Rf8 27. a4 N7b6 28. axb5 axb5 29. Ra7 b4 30. Qe4 c3 31. b3 Rc8 32. Raa1 Qg6 33. Qxg6 hxg6 34. f4 Kf7 35. Kf2 Ke6 0-1